 Dungeon Crawl Stone Soup version 0.25.1-2-g60ff931df9 (webtiles) character file.

Game seed: 16126729001369471364

1598 Lazav66 the Ruffian (level 8, -4/81 HPs)
             Began as a Troll Monk on Oct 1, 2020.
             Was an Elder of Okawaru.
             Slain by an adder (5 damage)
             ... on level 6 of the Dungeon.
             The game lasted 00:08:21 (4188 turns).

Lazav66 the Ruffian (Troll Monk)                    Turns: 4188, Time: 00:08:21

Health: -4/81      AC: -8    Str: 20    XL:     8   Next: 62%
Magic:  9/9        EV: 12    Int:  6    God:    Okawaru [****..]
Gold:   290        SH:  0    Dex: 16    Spells: 7/7 levels left

rFire    . . .     SeeInvis .     - Unarmed
rCold    . . .     Gourm    +   (no shield)
rNeg     . . .     Faith    .   a - +0 robe
rPois    .         Spirit   .   h - +1 hat
rElec    .         Reflect  .   (no cloak)
rCorr    .         Harm     .   (gloves unavailable)
MR       .....                  (boots unavailable)
Stlth    ++........             j - amulet of regeneration
HPRegen  1.03/turn              (no ring)
MPRegen  0.11/turn              (no ring)

@: lethally poisoned (-4 -> -4), corroded
A: large, unfitting armour, claws 3, horns 1, rugged brown scales 1, thin
skeletal structure 1, fast metabolism 3, gourmand, regeneration 1, shaggy fur 1,
tough skin 3
a: Heroism, Renounce Religion


You were on level 6 of the Dungeon.
You worshipped Okawaru.
Okawaru was greatly pleased with you.
You were completely stuffed.

You visited 1 branch of the dungeon, and saw 6 of its levels.

You collected 290 gold pieces.

Inventory:

Armour
 a - a +0 robe (worn)
 h - a +1 hat (worn)
Jewellery
 j - an amulet of regeneration (around neck)
 k - an uncursed amulet of the acrobat {unknown}
Wands
 p - a wand of polymorph (6)
 w - a wand of clouds (2)
Scrolls
 f - a scroll of amnesia {unknown}
 g - 6 scrolls of remove curse
 i - 2 scrolls of teleportation
 l - a scroll of enchant weapon {unknown}
 o - 2 scrolls of enchant armour {unknown}
 r - a scroll of magic mapping {unknown}
 t - a scroll of immolation {unknown}
 u - 4 scrolls of identify
Potions
 c - 5 potions of mutation
 d - 4 potions of ambrosia {unknown}
 e - 2 potions of brilliance {unknown}
 m - a potion of haste {unknown}
 n - a potion of lignification {unknown}
 q - a potion of cancellation {unknown}
 s - a potion of stabbing {unknown}
Comestibles
 b - 14 rations
 v - 8 chunks of flesh


   Skills:
 + Level 4.7 Fighting
 + Level 4.7 Dodging
 - Level 1.0 Stealth
 * Level 7.6 Unarmed Combat
 + Level 3.9 Invocations


You had 7 spell levels left.
You didn't know any spells.
Your spell library contained the following spells:

 Spells                   Type           Power        Failure   Level  Hunger
 Foxfire                  Conj/Fire      #...         45%         1    ##.....
 Conjure Flame            Conj/Fire      #.......     83%         3    ####...
 Inner Flame              Hex/Fire       #.......     83%         3    ####...
 Sticky Flame             Conj/Fire      #.......     99%         4    #####..
 Fireball                 Conj/Fire      #.........   100%        5    ######.


Dungeon Overview and Level Annotations

Branches:
Dungeon (6/15)             Temple (0/1) D:4

Altars:
Nemelex Xobeh
Okawaru
Ru
Sif Muna
Trog
Vehumet
The Shining One


Innate Abilities, Weirdness & Mutations

You are too large for most types of armour.
You have claws for hands.
Your metabolism is lightning-fast.
You like to eat raw meat.
Your natural rate of healing is unusually fast.
You are covered in fur. (AC +1)
You have extremely tough skin. (AC +3)
You have a pair of small horns on your head.
You are partially covered in rugged brown scales. (AC +1, +3% HP)
You have a somewhat thin skeletal structure. (Dex +2, Stealth)


Message History

You are more poisoned.
The adder poisons you! The quokka skeleton barely misses you.
You closely miss the adder.
The adder is heavily wounded.
The adder bites you.
* * * LOW HITPOINT WARNING * * *
You are more poisoned.
The adder poisons you!
You feel sick. The adder closely misses you.
You feel sick.
You feel sick.
You feel sick. The adder bites you.
* * * LOW HITPOINT WARNING * * *
Unknown command.
It was a potion of mutation.
You feel extremely strange. A pair of horns grows on your head!
Your bones become slightly less dense.
Rugged brown scales grow over part of your body.
* * * LOW HITPOINT WARNING * * *
You feel sick. The quokka skeleton closely misses you. The adder bites you.
You die...

#........###
#.#.#....###
#.....##...#
#.#.#.####.#
#.....# #.##
###.###
#>.########
#.#
##.....P...
#.# #....≈≈≈≈≈
######@#
#....≈≈≈≈≈
##....ZS##
#....≈≈###
##........##
#....≈≈#.g
#..........#
#....≈≈#..
#..........#
#...P≈≈###
#..........#
#....≈≈≈.#
#..........#
#....≈≈≈.#
#....$.......#
#....≈≈≈.#
##........####
#....≈≈≈.#


You could see an adder and a quokka skeleton.

Vanquished Creatures
  Pikel (D:6)
  Prince Ribbit (D:6)
  An ice beast (D:5)
  An ogre (D:6)
  2 bullfrogs
  A howler monkey (D:6)
  A jelly (D:6)
  2 orc priests
  A hound (D:4)
  A bullfrog skeleton (D:5)
  2 centaur skeletons (D:5)
  An iguana (D:5)
  An orc wizard (D:5)
  A worker ant (D:4)
  A hound zombie (D:5)
  A hound skeleton (D:6)
  8 gnolls
  11 adders
  A shadow imp (D:5)
  2 oozes (D:3)
  4 dart slugs
  3 leopard geckos
  13 orcs
  7 bats
  4 giant cockroaches
  10 goblins
  5 hobgoblins
  9 jackals
  3 quokkas
  A ball python (D:2)
  7 frilled lizards
  9 kobolds
  A quokka skeleton (D:4)
  6 rats
  A plant (D:6)
124 creatures vanquished.

Vanquished Creatures (others)
  2 slaves (D:6)
  A hound skeleton (D:6)
  9 gnolls (D:6)
  9 jackals (D:6)
21 creatures vanquished.

Grand Total: 145 creatures vanquished

Notes
Turn   | Place    | Note
-------+----------+-------------------------------------------
     0 | D:1      | Lazav66 the Troll Monk began the quest for the Orb.
     0 | D:1      | Reached XP level 1. HP: 22/22 MP: 0/0
    34 | D:1      | Reached XP level 2. HP: 16/29 MP: 1/1
   335 | D:1      | Reached XP level 3. HP: 36/36 MP: 2/2
   509 | D:2      | Reached skill level 4 in Unarmed Combat
   593 | D:2      | Found a sacrificial altar of Ru.
   714 | D:2      | Found an iron altar of Okawaru.
   726 | D:2      | Became a worshipper of Warmaster Okawaru
   726 | D:2      | Reached * piety under Okawaru
   726 | D:2      | Reached ** piety under Okawaru
   801 | D:2      | Found a faded altar of an unknown god.
   813 | D:2      | Reached XP level 4. HP: 44/44 MP: 3/3
  1172 | D:3      | Reached skill level 1 in Invocations
  1172 | D:3      | Reached XP level 5. HP: 48/53 MP: 4/4
  1665 | D:4      | Found a staircase to the Ecumenical Temple.
  1778 | D:4      | Reached skill level 5 in Unarmed Combat
  1780 | D:4      | Reached XP level 6. HP: 61/61 MP: 6/6
  2107 | D:5      | Entered Level 5 of the Dungeon
  2386 | D:5      | Found a shimmering blue altar of Sif Muna.
  2437 | D:5      | Found a radiant altar of Vehumet.
  2437 | D:5      | Found a sparkling altar of Nemelex Xobeh.
  2470 | D:5      | Found a sparkling altar of Nemelex Xobeh.
  2520 | D:5      | Noticed an ice beast
  2523 | D:5      | Reached *** piety under Okawaru
  2531 | D:5      | Killed an ice beast
  2575 | D:5      | Reached XP level 7. HP: 63/68 MP: 7/7
  2961 | D:5      | Found a glowing golden altar of the Shining One.
  2993 | D:5      | Reached skill level 6 in Unarmed Combat
  3081 | D:5      | Found a bloodstained altar of Trog.
  3081 | D:5      | Found a glowing golden altar of the Shining One.
  3571 | D:6      | Noticed Pikel
  3591 | D:6      | Killed Pikel
  3591 | D:6      | Reached **** piety under Okawaru
  3591 | D:6      | Reached skill level 7 in Unarmed Combat
  3591 | D:6      | Reached XP level 8. HP: 76/79 MP: 9/9
  3663 | D:6      | Noticed Prince Ribbit
  3672 | D:6      | Killed Prince Ribbit
  4187 | D:6      | HP: 1/79 [adder (4)]
  4188 | D:6      | Gained mutation: You have a pair of small horns on your
                  | head. [potion of mutation]
  4188 | D:6      | Gained mutation: You have a somewhat thin skeletal
                  | structure. (Dex +2, Stealth) [potion of mutation]
  4188 | D:6      | Gained mutation: You are partially covered in rugged brown
                  | scales. (AC +1, +3% HP) [potion of mutation]
  4188 | D:6      | Slain by an adder

Illustrated notes

Levels and vault maps discovered:
D:1:      lightli_arrival_boilingwater, layout_rooms, corexii_hall_statues_s,
          chequers_serial_rivers_room_a
D:2:      layout_rooms, lemuel_coloured_pillars_altar,
          okawaru_ov_weapons_minmay, chequers_ecumenical_altar_island
D:3:      layout_basic, minmay_joined_circles
D:4:      layout_rooms, minmay_temple_entry_large_hall, minivault_27
D:5:      layout_basic, lemuel_blue_sif_altar,
          chequers_temple_overflow_statue_of_worship,
          gammafunk_temple_overflow_elements, first_ration, basic_altar,
          tso_altar
D:6:      lemuel_castle_with_subvaults [lemuel_castle_interior_carwin_1],
          layout_rooms, serial_glass, glass_columns_a, glass_columns_a,
          uniq_pikel, uniq_prince_ribbit1

Skill      XL: |  1  2  3  4  5  6  7 |
---------------+----------------------+-----
Unarmed Combat | 4 5 7 |  7.6
Fighting       | 3 4 |  4.7
Dodging        | 3 4 |  4.7
Invocations    | 1 2 3 |  3.9
Stealth        | |  1.0

Action                   |  1- 3 |  4- 6 |  7- 9 || total
-------------------------+-------+-------+-------++-------
Melee: Unarmed           |    90 |   143 |   108 ||   341
       Punch             |     1 |     1 |     6 ||     8
  Use: Scroll            |       |     3 |       ||     3
       Potion            |       |       |     1 ||     1
 Stab: Sleeping          |     2 |     3 |       ||     5
       Distracted        |       |       |     1 ||     1
  Eat: Chunk             |    13 |    15 |    16 ||    44
Armor: Robe              |    35 |    47 |    20 ||   102
Dodge: Dodged            |    44 |    88 |    40 ||   172
